 Dungeon Crawl Stone Soup version 0.26-a0-541-g3b3d21e777 (webtiles) character file.

Game seed: 17777650670760708572

1070 BeastOfSaturn the Slasher (level 8, -10/60 HPs)
             Began as a Demonspawn Warper on Aug 16, 2020.
             Mangled by an orc warrior
             ... wielding a +0 trident
              (16 damage)
             ... on level 6 of the Dungeon.
             The game lasted 00:18:07 (5207 turns).

BeastOfSaturn the Slasher (Demonspawn Warper)       Turns: 5207, Time: 00:18:08

Health: -10/60     AC:  4    Str: 13    XL:     8   Next: 7%
Magic:  11/11      EV: 14    Int: 15    God:
Gold:   233        SH:  0    Dex: 13    Spells: 2/11 levels left

rFire    + + .     SeeInvis +   n - +2 short sword (elec)
rCold    + . .     Faith    .   (no shield)
rNeg     . . .     Spirit   .   o - +2 animal skin
rPois    .         Reflect  .   (helmet restricted)
rElec    .         Harm     .   g - scarf {rC+ rF+}
rCorr    .                      (no gloves)
MR       .....                  (no boots)
Stlth    +.........             (no amulet)
HPRegen  0.20/turn              v - ring of see invisible
MPRegen  0.12/turn              (no ring)

@: no status effects
A: antennae 1, fire resistance 1, spiny 2, sturdy frame 2
a: no special abilities


You were on level 6 of the Dungeon.
You visited 1 branch of the dungeon, and saw 6 of its levels.

You collected 233 gold pieces.

Inventory:

Hand Weapons
 a - a +0 falchion
 n - a +2 short sword of electrocution (weapon)
Missiles
 e - 5 boomerangs of dispersal (quivered)
 x - 3 boomerangs
Armour
 b - a +0 leather armour
 g - a scarf of resistance (worn)
 o - a +2 animal skin (worn)
 p - a +1 helmet
 s - a scarf of shadows
Jewellery
 v - a ring of see invisible (left hand)
Scrolls
 c - 2 scrolls of remove curse
 d - 3 scrolls of blinking
 f - 2 scrolls of teleportation
 i - a scroll of magic mapping
 q - a scroll of fear {unknown}
 t - a scroll of identify
 u - a scroll of noise {unknown}
Potions
 j - 3 potions of magic
 k - a potion of resistance {unknown}
 l - 3 potions of flight
 m - a potion of stabbing {unknown}
 r - a potion of degeneration {unknown}
 w - 3 potions of lignification {unknown}
 z - a potion of berserk rage {unknown}


   Skills:
 - Level 4.0 Fighting
 * Level 6.2 Long Blades
 - Level 0.8 Throwing
 - Level 1.0 Armour
 * Level 4.6 Dodging
 * Level 2.1 Spellcasting
 * Level 3.8 Translocations
 * Level 0.4 Earth Magic


You had 2 spell levels left.
You knew the following spells:

 Your Spells              Type           Power        Failure   Level
a - Blink                 Tloc           N/A          7%          2
b - Lesser Beckoning      Tloc           ##........   14%         3
c - Petrify               Tmut/Erth      #.......     90%         4

Your spell library contained the following spells:

 Spells                   Type           Power        Failure   Level
 Sandblast                Erth           #.....       19%         1
 Passwall                 Tmut/Erth      #.......     30%         2
 Gell's Gravitas          Tloc           ##........   14%         3
 Teleport Other           Tloc           ##......     14%         3
 Passage of Golubria      Tloc           N/A          41%         4
 Stone Arrow              Conj/Erth      #.....       52%         3
 Lee's Rapid Deconstruct  Erth           #.........   99%         5


Dungeon Overview and Level Annotations

Branches:
Dungeon (6/15)
 Temple: D:4-7

Altars:
Hepliaklqana
Okawaru
Trog
Yredelemnul
Zin

Shops:
D:4 =   D:5 [


Innate Abilities, Weirdness & Mutations

You have a pair of small antennae on your head.
Your flesh is heat resistant. (rF+)
You are mostly covered in sharp spines.
Your movements are less encumbered by armour. (ER -4)


Message History

The orc warrior is heavily wounded.
The orc warrior misses you.
You hit the orc warrior.
The orc warrior is heavily wounded.
The orc warrior hits you with a +0 trident!
* * * LOW HITPOINT WARNING * * *
You hit the orc warrior but do no damage.
Lightning courses through the orc warrior!
The orc warrior is almost dead.
The orc warrior hits you with a +0 trident!
* * * LOW HITPOINT WARNING * * *
You hit the orc warrior.
The orc warrior is almost dead.
You closely miss the orc warrior.
The orc warrior is almost dead.
The orc warrior closely misses you.
You barely miss the orc warrior.
The orc warrior is almost dead.
The orc warrior hits you with a +0 trident!
You die...

####
##############..#####
#...........†........
##.####..........###
#............#...#
#....#.#####.#...#
##.#).)†o@!..#...#
##.#...####..#...#
#.<....#
...#...####.###
##.##..#
##.##.>......... #.
..... #.##...####.###
# #...#..#.##...# #.#
#...#..#.##...####.#
#...# .#.............
##.#########.#####.##


You could see an orc warrior.

Vanquished Creatures
  Grinder (D:3)
  A sky beast (D:5)
  5 orc priests
  A hound (D:4)
  A jelly (D:6)
  2 orc wizards
  Natasha (thrice) (D:3)
  3 worker ants
  2 hound skeletons
  A worker ant zombie (D:6)
  Robin (D:2)
  12 adders
  A howler monkey skeleton (D:4)
  A shadow imp (D:5)
  2 white imps (D:5)
  2 ufetubi (D:5)
  An ooze (D:2)
  2 worms
  3 dart slugs
  4 leopard geckos
  32 orcs
  4 giant cockroaches
  12 goblins
  11 hobgoblins
  9 kobolds
  2 quokkas
  A ball python (D:4)
  9 bats
  5 frilled lizards
  A leopard gecko skeleton (D:4)
  A leopard gecko zombie (D:5)
  11 rats
147 creatures vanquished.

Notes
Turn   | Place    | Note
-------+----------+-------------------------------------------
     0 | D:1      | BeastOfSaturn the Demonspawn Warper began the quest for the
                  | Orb.
     0 | D:1      | Reached XP level 1. HP: 16/16 MP: 3/3
    91 | D:1      | Reached skill level 1 in Armour
   110 | D:1      | Reached skill level 2 in Long Blades
   246 | D:1      | Gained mutation: You are partially covered in sharp spines.
                  | [demonic ancestry]
   246 | D:1      | Reached XP level 2. HP: 21/22 MP: 5/5
  1074 | D:2      | Noticed Robin
  1089 | D:2      | Reached XP level 3. HP: 28/28 MP: 6/6
  1120 | D:2      | Killed Robin
  1120 | D:2      | Reached skill level 3 in Long Blades
  1229 | D:2      | Gained mutation: You are mostly covered in sharp spines.
                  | [demonic ancestry]
  1229 | D:2      | Reached XP level 4. HP: 22/34 MP: 7/7
  1622 | D:2      | Learned a level 2 spell: Blink
  1775 | D:2      | Found a bloodstained altar of Trog.
  1775 | D:2      | Found a basalt altar of Yredelemnul.
  1858 | D:3      | Learned a level 3 spell: Lesser Beckoning
  1864 | D:3      | Reached skill level 4 in Long Blades
  1864 | D:3      | Gained mutation: Your movements are slightly less
                  | encumbered by armour. (ER -2) [demonic ancestry]
  1864 | D:3      | Reached XP level 5. HP: 32/41 MP: 8/8
  1981 | D:3      | Found an iron altar of Okawaru.
  2074 | D:3      | Noticed Grinder
  2086 | D:3      | Killed Grinder
  2086 | D:3      | Gained mutation: Your flesh is heat resistant. (rF+)
                  | [demonic ancestry]
  2086 | D:3      | Reached XP level 6. HP: 23/48 MP: 9/9
  2733 | D:4      | Reached skill level 5 in Long Blades
  3040 | D:4      | Noticed Natasha
  3047 | D:4      | Gained mutation: Your movements are less encumbered by
                  | armour. (ER -4) [demonic ancestry]
  3047 | D:4      | Reached XP level 7. HP: 53/54 MP: 10/10
  3067 | D:3      | Killed Natasha
  3131 | D:3      | Noticed Natasha
  3140 | D:3      | Killed Natasha
  3255 | D:3      | Noticed Natasha
  3260 | D:3      | Killed Natasha
  3728 | D:4      | Found Ciuq's Jewellery Shop.
  3894 | D:5      | Entered Level 5 of the Dungeon
  3911 | D:5      | Found Xodaenna's Antique Armour Boutique.
  4155 | D:5      | Reached skill level 6 in Long Blades
  4437 | D:5      | Found a glowing silver altar of Zin.
  4471 | D:5      | Found a hazy altar of Hepliaklqana.
  4785 | D:6      | Learned a level 4 spell: Petrify
  5004 | D:6      | Gained mutation: You have a pair of small antennae on your
                  | head. [demonic ancestry]
  5004 | D:6      | Reached XP level 8. HP: 45/60 MP: 11/11
  5207 | D:6      | Mangled by an orc warrior

Illustrated notes

Levels and vault maps discovered:
D:1:      lemuel_arrival_rhombus, layout_loops_ring, roderic_lattice_a,
          minmay_octomino_j4
D:2:      layout_rooms, gammafunk_temple_overflow_wave, st_stairs_4, uniq_robin
D:3:      layout_basic, nicolae_overflow_crystal_walls,
          guppyfry_early_lair_pool, uniq_grinder
D:4:      layout_rooms, serial_shops, nicolae_shop_window_shopping,
          kennysheep_opposing_triangles, uniq_natasha
D:5:      layout_cave_pools, zin_treasury, kennysheep_mini, serial_shops,
          nicolae_shop_trees
D:6:      layout_basic, kennysheep_mini_moat, hangedman_decor_clover_reticule

Skill      XL: |  1  2  3  4  5  6  7 |
---------------+----------------------+-----
Armour         | 1 |  1.0
Long Blades    | 2 3 4 5 6 |  6.2
Dodging        | 2 3 4 |  4.6
Fighting       | 3 4 |  4.0
Translocations | 3 |  3.8
Throwing       | |  0.8
Spellcasting   | |  2.1
Earth Magic    | |  0.4

Action                   |  1- 3 |  4- 6 |  7- 9 || total
-------------------------+-------+-------+-------++-------
Melee: Falchion          |    74 |       |       ||    74
       Short sword       |    15 |   115 |   127 ||   257
  Use: Scroll            |       |     6 |     3 ||     9
       Potion            |       |       |     2 ||     2
 Stab: Sleeping          |       |     1 |     1 ||     2
Armor: Leather armour    |    17 |       |       ||    17
       Animal skin       |     4 |    21 |    27 ||    52
Dodge: Dodged            |    55 |    51 |    65 ||   171
       Rpst.: Falchion   |    19 |       |       ||    19

Table legend: (Time is in decaauts)
 A = Elapsed time spent in this place.
 B = Non-inter-level travel time spent in this place.
 C = Inter-level travel time spent in this place.
 D = Time resting spent in this place.
 E = Time spent auto-exploring this place.
 F = Levels seen in this place.
 G = Mean time per level.
                   A        B        C        D        E       F      G
               +--------+--------+--------+--------+--------+-----+--------+
         Total |   5216 |   5000 |    216 |    719 |   3029 |   6 |  869.3 |
       Dungeon |   5216 |   5000 |    216 |    719 |   3029 |   6 |  869.3 |
               +--------+--------+--------+--------+--------+-----+--------+

Top non-repeatable levels by time:
     D:3: 1158 daAuts
     D:1: 1060 daAuts
     D:4: 912 daAuts
     D:5: 846 daAuts
     D:2: 781 daAuts
     D:6: 457 daAuts
